 Dungeon Crawl Stone Soup version 0.31-a0-79-g9ec6622867 (webtiles) character file.

Game seed: 2750539279126825017

202870 Kenran the Spry (level 17, -4/95 HPs)
             Began as a Spriggan Hunter on May 24, 2023.
             Was the Champion of Okawaru.
             Killed by an exploding bloated husk (27 damage)
             ... on level 3 of the Swamp.
             The game lasted 01:09:14 (30979 turns).

Kenran the Spry (Spriggan Hunter)                  Turns: 30979, Time: 01:09:15

Health: -4/95      AC:  9    Str:  3    XL:     17   Next: 96%
Magic:  0/25       EV: 44    Int: 11    God:    Okawaru [******]
Gold:   1497       SH:  0    Dex: 32    Spells: 16/16 levels left

rFire   + + .        a - +6 arbalest "Damnation" {damnation}
rCold   . . .        (shield currently unavailable)
rNeg    . . .        W - +3 robe "Beyru" {rCorr}
rPois   +            c - +1 hat
rElec   +            V - +2 cloak "Lyleb" {rElec rPois rF+ Str-4}
rCorr   +            (gloves unavailable)
SInv    +            (boots unavailable)
Will    ++...        e - amulet of guardian spirit
Stlth   ++++++++     i - +6 ring of dexterity
HPRegen 0.35/turn    w - ring of protection from fire
MPRegen 0.19/turn

%: guardian spirit
@: grasped by roots, constricted, studying Conjurations, very quick
A: very small, no large weapons, unfitting armour, see invisible, speed 3
}: 1/15 runes: serpentine
a: Renounce Religion, Heroism, Finesse, Duel


You were on level 3 of the Swamp.
You worshipped Okawaru.
Okawaru was exalted by your worship.
You visited 5 branches of the dungeon, and saw 29 of its levels.
You also visited: Ossuary.

You collected 2751 gold pieces.
You spent 1254 gold pieces at shops.

Inventory:

Hand Weapons
 a - the +6 arbalest "Damnation" (weapon) {damnation}
   (You acquired it on level 14 of the Dungeon)
 b - a +1 hand crossbow of electrocution
 M - a +3 arbalest of flaming
 N - the +11 arbalest of Reinforcement {heavy, rF+ rN+ Int+3}
   (Okawaru gifted it to you on level 13 of the Dungeon)

   Int:       It affects your intelligence (+3).
   rF:        It protects you from fire.
   rN:        It protects you from negative energy.
 O - a +2 arbalest of flaming
Armour
 c - a +1 hat (worn)
 P - a +2 buckler of poison resistance
 V - the +2 cloak "Lyleb" (worn) {rElec rPois rF+ Str-4}
   (You bought it in a shop on level 1 of the Orcish Mines)

   Str:       It affects your strength (-4).
   rF:        It protects you from fire.
   rElec:     It insulates you from electricity.
   rPois:     It protects you from poison.
 W - the +3 robe "Beyru" (worn) {rCorr}
   (Okawaru gifted it to you on level 1 of the Snake Pit)

   rCorr:     It protects you from acid and corrosion.
 X - the +0 robe of Sophism {Drain rF+++ rC- rN+++}
   (You took it off a naga on level 4 of the Snake Pit)

   rF:        It renders you almost immune to fire.
   rC:        It makes you vulnerable to cold.
   rN:        It renders you almost immune to negative energy.
   Drain:     It drains your maximum health when unequipped.
Jewellery
 e - an amulet of guardian spirit (around neck)
 i - a +6 ring of dexterity (left hand)
 k - a ring of positive energy
 w - a ring of protection from fire (right hand)
 z - a ring of poison resistance
 F - a ring of protection from cold
 I - a ring of resist corrosion
 K - an amulet of reflection
 Y - the ring "Jewuelig" {rC++ Will- Int+6 Dex+2 Stlth+}
   (You found it on level 3 of the Lair of Beasts)

   [ring of intelligence]

   Int:       It affects your intelligence (+6).
   Dex:       It affects your dexterity (+2).
   rC:        It greatly protects you from cold.
   Will:      It decreases your willpower.
   Stlth:     It makes you more stealthy.
Wands
 n - a wand of digging (13)
 v - a wand of flame (63)
 G - a wand of iceblast (11)
 J - a wand of acid (6)
 S - a wand of polymorph (9)
 U - a wand of mindburst (16)
Scrolls
 d - 11 scrolls of teleportation
 h - 6 scrolls of fog
 j - 2 scrolls of magic mapping
 m - 7 scrolls of fear
 o - 2 scrolls of amnesia
 p - 4 scrolls of vulnerability {!r}
 u - 4 scrolls of poison {!r}
 y - 2 scrolls of enchant armour
 C - 2 scrolls of blinking
 Q - 4 scrolls of immolation {!r}
Potions
 f - 6 potions of heal wounds {@q2}
 g - 3 potions of enlightenment
 l - 4 potions of lignification {!q}
 q - 4 potions of haste
 r - 3 potions of attraction {!q}
 s - a potion of mutation {unknown}
 t - 9 potions of curing {@q1}
 x - 2 potions of cancellation
 A - 6 potions of brilliance
 D - 5 potions of might {unknown}
 E - a potion of invisibility {unknown}
 H - 4 potions of ambrosia {unknown}
 L - 3 potions of resistance
 T - a potion of berserk rage {unknown}
Miscellaneous
 B - a lightning rod (4/4)
 R - a condenser vane


   Skills:
 + Level 13.1 Fighting
 - Level 18.0 Ranged Weapons
 - Level 20.0 Dodging
 - Level 20.0 Stealth
 - Level 10.0 Invocations
 - Level 12.0 Evocations


You had 16 spell levels left.
You didn't know any spells.
Your spell library contained the following spells:

 Spells                   Type           Power      Damage    Failure   Level
 Kiss of Death            Conj/Necr      0%         2d5       34%         1
 Shock                    Conj/Air       0%         1d3       34%         1
 Static Discharge         Conj/Air       0%         2-2/arc   47%         2
 Confusing Touch          Hex            0%         N/A       71%         3
 Gell's Gravitas          Tloc           0%         N/A       71%         3
 Ignite Poison            Fire/Tmut/Pois 0%         N/A       71%         3
 Stone Arrow              Conj/Erth      0%         3d7       71%         3
 Swiftness                Air            0%         N/A       71%         3
 Teleport Other           Tloc           0%         N/A       71%         3
 Vhi's Electric Charge    Tloc/Air       0%         N/A       71%         3
 Airstrike                Air            0%         2d(0-16)  98%         4
 Dispel Undead            Necr           0%         3d6       98%         4
 Leda's Liquefaction      Hex/Erth       0%         N/A       98%         4
 Sticky Flame             Conj/Fire      0%         2d3       98%         4
 Alistair's Intoxication  Tmut/Pois      0%         N/A       100%        5
 Arcjolt                  Conj/Air       0%         1d10      100%        5
 Borgnjor's Vile Clutch   Necr/Erth      0%         N/A       100%        5
 Dispersal                Tloc           0%         N/A       100%        6
 Eringya's Noxious Bog    Tmut/Pois      0%         N/A       100%        6
 Ignition                 Fire           0%         3d3       100%        8
 Maxwell's Capacitive Co  Air            0%         ∞         100%        8


Dungeon Overview and Level Annotations

Branches:
Dungeon (15/15)            Temple (0/1) D:7            Lair (5/5) D:9
  Swamp (3/4) Lair:2        Snake (4/4) Lair:3        Slime (0/5) Lair:4
    Orc (2/2) D:12            Elf (0/3) Orc:2        Vaults (0/5) D:14
 Depths (0/4) D:15        Ossuary (visited)

Altars:
Ashenzari
Cheibriados
Dithmenos
Kikubaaqudgha
Makhleb
Okawaru
Qazlal
Ru
Uskayaw
Zin
Jiyva

Shops:
D:8 [   D:13 ?[   Orc:1 [   Orc:2 *:(!(   Snake:1 =

Portals:
Abyss: Lair:4

Annotations:
D:6 exclusion: downstairs
D:8 1 runed translucent door, exclusions: hydra, tengu warrior and troll
D:9 3 runed translucent doors, crabbyslav's ghost, journeyman OgCA
D:10 3 runed translucent doors, exclusion: downstairs, Zigma's ghost, journeyman KoEn
D:11 exclusion: downstairs
Lair:1 exclusion: 2 downstairs
Lair:2 exclusion: oklob plant
Lair:4 2 transporters, Vosoh's ghost, journeyman DrHu
Orc:1 2 transporters, nubinia's ghost, journeyman GrEE


Innate Abilities, Weirdness & Mutations

You are very small and have problems with some larger weapons.
You are too small for most types of armour.
You have supernaturally acute eyesight. (SInv)
You cover ground extremely quickly. (Speed+++)


Message History

Press: ? - help, Q - select action, (/) - cycle Shift-Dir - straight line, f - will-o-the-wisp, p - swamp dragon
Aim: a will-o-the-wisp (78% to hit)
You shoot a damnation bolt.
The damnation bolt hits the will-o-the-wisp!!
The will-o-the-wisp is severely damaged.
The damnation bolt explodes!
The damnation engulfs the will-o-the-wisp!
You destroy the will-o-the-wisp!
Okawaru accepts your kill.
You hear a deafening roar! x2
Roots burst forth from the earth!
The grasping roots grab you! The grasping roots constrict you!
Fire: a) +6 arbalest "Damnation" {damnation}
Press: ? - help, Q - select action, (/) - cycle Shift-Dir - straight line, f - swamp dragon
Aim: a swamp dragon (severely wounded, 84% to hit)
You shoot a damnation bolt.
The damnation bolt hits the swamp dragon!!
You kill the swamp dragon!
Okawaru accepts your kill.
You hear a splash.
The swamp dragon scales are intact enough to wear.
The damnation bolt explodes!
The damnation engulfs the bloated husk!!
The bloated husk is almost destroyed.
The grasping roots constrict you!
The roots grasp on you weakens, but your attempt to escape fails.
The bloated husk explodes!
The blast of putrescent gases engulfs you!!
The blast of putrescent gases engulfs the bloated husk!!
The blast of putrescent gases engulfs the bloated husk!!!
The blast of putrescent gases engulfs the shambling mangrove!!!
The bloated husk explodes!
The blast of putrescent gases engulfs you!!!
* * * LOW HITPOINT WARNING * * *
The blast of putrescent gases engulfs the bloated husk!!
The bloated husk explodes!
The blast of putrescent gases engulfs the shambling mangrove!!
The blast of putrescent gases engulfs you!!
You die...

.... ♣..♣ ♣~.♣♣
....♣ ♣...
♣♣.f♣♣
~.♣~♣♣~~~~♣♣..~
.~..~~~@«~..~..
......§<<~~...~
...♣.♣~[~~♣...♣
♣ ♣ ♣♣..♣♣ ♣♣♣
♣..♣ ~..♣ ~..♣
.~..


You could see a shambling mangrove.

Vanquished Creatures
  Saint Roka (Snake:2)
  Vashnia (Snake:2)
  Jorgrun (Swamp:1)
  5 nagarajas
  A fenstrider witch (Swamp:2)
  2 eleionomae (Swamp:1)
  2 bunyips (Swamp:1)
  2 fire dragons (D:15)
  7 hydras
  A ghost crab (Lair:2)
  An ogre mage (D:14)
  4 vault guards (D:14)
  8 salamander tyrants
  A catoblepas (D:14)
  5 two-headed ogres
  5 centaur warriors
  16 anacondas
  2 death knights (D:15)
  5 boulder beetles
  12 naga warriors
  3 alligators
  A tengu warrior (D:14)
  10 shock serpents
  17 naga sharpshooters
  Sonja (Lair:2)
  12 salamander mystics
  A deep elf knight (D:14)
  8 skeletal warriors
  2 skysharks
  3 goliath frogs (Swamp:1)
  2 bog bodies
  2 naga ritualists
  2 spriggan simulacra (Swamp:2)
  5 lindwurms
  3 spriggan druids
  2 swamp dragons
  6 orc knights
  A wizard (D:15)
  A deep elf pyromancer (D:14)
  A wolf spider zombie (D:15)
  A necromancer (D:15)
  7 mana vipers
  43 salamanders
  3 orc sorcerers
  15 ugly things
  An oklob plant (Snake:2)
  3 cyclopes
  4 manticores
  2 will-o-the-wisps
  8 elephants
  7 centaur zombies
  31 black mambas
  4 gargoyles
  6 guardian serpents (Snake:4)
  23 cane toads
  8 naga magi
  18 komodo dragons
  2 centaur skeletons (D:15)
  An unseen horror (shapeshifter) (D:14)
  A redback zombie (D:15)
  An efreet (D:15)
  A yaktaur (D:14)
  An unseen horror skeleton (D:10)
  11 trolls
  A polar bear (Lair:4)
  5 tyrant leeches
  5 hornets
  13 blink frogs
  7 dream sheep (Lair:1)
  2 centaur simulacra
  5 shadows
  6 wraiths
  3 slime creatures (D:15)
  7 spriggans
  30 yaks
  3 wyverns
  A steam dragon (D:9)
  A dire elephant simulacrum (Swamp:2)
  4 basilisks
  Eustachio (D:5)
  2 spriggans (shapeshifter)
  2 minotaur simulacra (Swamp:2)
  7 swamp worms
  9 wargs
  11 vampire mosquitoes
  38 nagas
  Edmund (D:5)
  A harpy simulacrum (Swamp:2)
  22 water moccasins
  34 orc warriors
  A sky beast (D:6)
  A meliai simulacrum (D:14)
  3 black bears
  4 ogres
  19 wolves
  27 centaurs
  A phantom (D:5)
  2 kobold brigands (D:10)
  13 bullfrogs
  2 deep troll simulacra (Swamp:2)
  4 scorpions (D:5)
  A gnoll sergeant (D:11)
  10 killer bees
  3 electric eels
  9 howler monkeys
  2 lava snakes (Snake:3)
  18 orc priests
  7 hounds
  A jelly (D:5)
  4 hell rats (Lair:2)
  8 iguanas
  17 orc wizards
  5 mummies
  A spectral howler monkey (D:10)
  6 gnolls
  8 adders
  3 shadow imps
  3 white imps
  4 ufetubi
  3 dart slugs
  90 orcs
  4 bats
  A bat zombie (D:8)
  9 endoplasms
  4 giant cockroaches
  6 goblins
  5 hobgoblins
  3 jackals (D:1)
  4 quokkas
  6 ball pythons
  A frilled lizard (D:1)
  4 goblin zombies (Ossuary)
  3 hobgoblin zombies (Ossuary)
  12 kobolds
  5 kobold zombies (Ossuary)
  6 rats
941 creatures vanquished.

Vanquished Creatures (others)
  A rakshasa (D:14)
  4 bloated husks (Swamp:3)
  A swamp worm (Lair:2)
  6 foxfires (Swamp:2)
12 creatures vanquished.

Grand Total: 953 creatures vanquished

Notes
Turn   | Place    | Note
-------+----------+-------------------------------------------
     0 | D:1      | Kenran the Spriggan Hunter began the quest for the Orb.
     0 | D:1      | Reached XP level 1. HP: 10/10 MP: 2/2
    65 | D:1      | Reached XP level 2. HP: 14/14 MP: 3/3
   332 | D:1      | Reached skill level 5 in Ranged Weapons
   333 | D:1      | Reached XP level 3. HP: 18/18 MP: 4/4
  1418 | D:3      | Reached XP level 4. HP: 22/22 MP: 5/5
  1604 | D:3      | You fall into a shaft and drop 1 floor!
  1683 | D:4      | Reached XP level 5. HP: 10/25 MP: 1/6
  2165 | D:4      | Found an iron altar of Okawaru.
  2179 | D:4      | Identified the +0 plate armour of a ziggurat {Drain rC+
                  | Dex+2}
  2484 | D:5      | Entered Level 5 of the Dungeon
  2491 | D:5      | Reached XP level 6. HP: 29/30 MP: 5/7
  2594 | D:5      | Noticed Edmund
  2648 | D:5      | Found a glowing silver altar of Zin.
  2774 | D:5      | Killed Edmund
  2808 | D:5      | Found a broken altar of Ashenzari.
  2869 | D:5      | Found a stormy altar of Qazlal.
  2918 | D:5      | Reached XP level 7. HP: 33/33 MP: 8/8
  3042 | D:5      | Noticed Eustachio
  3120 | D:5      | Killed Eustachio
  3236 | D:5      | Reached skill level 10 in Ranged Weapons
  3278 | D:5      | Reached XP level 8. HP: 39/39 MP: 9/9
  3403 | D:5      | Found a shadowy altar of Dithmenos.
  3442 | D:5      | Reached skill level 5 in Stealth
  3925 | D:5      | Found a snail-covered altar of Cheibriados.
  3991 | D:4      | Became a worshipper of Warmaster Okawaru
  4040 | D:6      | Reached skill level 5 in Dodging
  5374 | D:7      | Noticed a hornet
  5379 | D:6      | Reached * piety under Okawaru
  5469 | D:7      | Found a staircase to the Ecumenical Temple.
  5495 | D:7      | Found a sand-covered staircase.
  5506 | Ossuary  | Entered an ossuary
  5974 | Ossuary  | Reached XP level 9. HP: 42/42 MP: 10/10
  6161 | D:7      | Reached skill level 10 in Dodging
  6626 | D:8      | Found an ancient bone altar of Kikubaaqudgha.
  6712 | D:8      | Noticed a troll
  6785 | D:8      | Reached skill level 1 in Evocations
  6798 | D:8      | Noticed a five-headed hydra
  6818 | D:8      | Noticed a tengu warrior
  6860 | D:8      | Found a runed translucent door.
  6860 | D:8      | Found a burning altar of Makhleb.
  6860 | D:8      | Noticed a sixfirhy
  7388 | D:8      | Found Oteasohilo's Antique Armour Emporium.
  7858 | D:8      | Reached ** piety under Okawaru
  7859 | D:8      | Reached skill level 5 in Evocations
  7920 | D:8      | Found a sacrificial altar of Ru.
  8432 | D:9      | Noticed a two-headed ogre
  8564 | D:8      | Reached skill level 1 in Invocations
  8636 | D:8      | Noticed a four-headed hydra
  8844 | D:8      | Reached skill level 10 in Stealth
  9001 | D:8      | Reached XP level 10. HP: 43/46 MP: 11/13
  9144 | D:9      | Killed a two-headed ogre
  9144 | D:9      | Reached *** piety under Okawaru
  9224 | D:9      | Found a staircase to the Lair.
  9361 | D:9      | Found a runed translucent gate.
  9361 | D:9      | Found a runed translucent gate.
  9435 | D:9      | Found a runed translucent gate.
  9440 | D:9      | Noticed crabbyslav's ghost (journeyman OgCA)
  9619 | Lair:1   | Entered Level 1 of the Lair of Beasts
  9644 | D:10     | Entered Level 10 of the Dungeon
  9934 | D:10     | Reached **** piety under Okawaru
 10047 | D:10     | Found a runed translucent gate.
 10047 | D:10     | Found a runed translucent gate.
 10047 | D:10     | Found a runed translucent gate.
 10376 | D:10     | Reached skill level 5 in Fighting
 10910 | D:10     | Noticed Zigma's ghost (journeyman KoEn)
 10998 | D:11     | Noticed a boulder beetle
 11064 | D:11     | Reached XP level 11. HP: 55/55 MP: 14/14
 11332 | D:11     | Noticed a boulder beetle
 11400 | D:10     | Identified a scroll of acquirement
 11401 | D:10     | Acquired a +0 arbalest of flaming
 11669 | Lair:1   | Reached ***** piety under Okawaru
 12137 | Lair:1   | Noticed a boulder beetle
 12152 | Lair:1   | Killed a boulder beetle
 12152 | Lair:1   | Received a gift from Okawaru
 12363 | Lair:2   | Noticed Sonja
 12366 | Lair:2   | Killed Sonja
 12372 | Lair:2   | Noticed a seven-headed hydra
 12378 | Lair:2   | Killed a seven-headed hydra
 12415 | Lair:2   | Found a staircase to the Swamp.
 12465 | Lair:2   | Noticed an oklob plant
 12646 | Lair:2   | Got the Codex of Hurtful Mud
 12703 | Lair:2   | Noticed a skyshark
 12711 | Lair:2   | Reached XP level 12. HP: 63/63 MP: 14/16
 13371 | Lair:3   | Found a staircase to the Snake Pit.
 13401 | Lair:3   | Reached skill level 5 in Invocations
 13925 | Lair:3   | Reached ****** piety under Okawaru
 13925 | Lair:3   | Identified the +0 orcbow of the Hammering Saviour {speed,
                  | Str+2} (Okawaru gifted it to you on level 3 of the Lair of
                  | Beasts)
 13925 | Lair:3   | Received a gift from Okawaru
 14016 | Lair:3   | Reached skill level 15 in Dodging
 14409 | Lair:3   | Reached XP level 13. HP: 67/67 MP: 17/17
 14637 | Lair:4   | Found a transporter.
 14639 | Lair:4   | Found a transporter.
 14767 | Lair:4   | Found a viscous altar of Jiyva.
 14767 | Lair:4   | Found a staircase to the Slime Pits.
 14961 | Lair:4   | Reached skill level 15 in Ranged Weapons
 15015 | Lair:4   | Found a one-way gate to the infinite horrors of the Abyss.
 15258 | Lair:4   | Noticed Vosoh's ghost (journeyman DrHu)
 15296 | Lair:4   | Received a gift from Okawaru
 15454 | Lair:5   | Entered Level 5 of the Lair of Beasts
 16042 | Lair:5   | Identified the +4 flail of Cheibriados's Envy {heavy, Will+
                  | Str-4 Int+3}
 16820 | D:11     | Received a gift from Okawaru
 16914 | D:11     | Reached skill level 15 in Stealth
 17293 | D:12     | Found a staircase to the Orcish Mines.
 17415 | D:12     | Reached XP level 14. HP: 61/72 MP: 15/18
 17530 | D:12     | Reached skill level 10 in Evocations
 17639 | D:12     | Identified the +7 quarterstaff of the Forest {flame, rC-
                  | MP+9 Str-5 Int+3} (Okawaru gifted it to you on level 12 of
                  | the Dungeon)
 17639 | D:12     | Received a gift from Okawaru
 18503 | D:13     | Found Wimebby's Magic Scroll Boutique.
 18504 | D:13     | Found Qabig's Antique Armour Emporium.
 18508 | D:13     | Bought a scroll of amnesia for 56 gold pieces
 18699 | D:13     | Identified the +11 arbalest of Reinforcement {heavy, rF+
                  | rN+ Int+3} (Okawaru gifted it to you on level 13 of the
                  | Dungeon)
 18699 | D:13     | Received a gift from Okawaru
 18785 | D:13     | Acquired a +2 buckler of poison resistance
 18789 | D:13     | Acquired a +1 hand crossbow of electrocution
 19496 | D:14     | Received a gift from Okawaru
 19653 | D:14     | Found a hide-covered altar of Uskayaw.
 19817 | D:14     | Found a gate to the Vaults.
 20184 | D:14     | Acquired the +6 arbalest "Damnation" {damnation}
 20184 | D:14     | Found the +6 arbalest "Damnation" {damnation}
 20242 | D:15     | Entered Level 15 of the Dungeon
 20266 | D:15     | Identified the +0 storm dragon scales "Maiptuityn" {rElec
                  | Int+6} (Okawaru gifted it to you on level 15 of the
                  | Dungeon)
 20266 | D:15     | Received a gift from Okawaru
 20460 | D:15     | Reached XP level 15. HP: 77/77 MP: 19/19
 20889 | D:15     | Found a staircase to the Depths.
 21058 | Orc:1    | Entered Level 1 of the Orcish Mines
 21212 | Orc:1    | Found a transporter.
 21215 | Orc:1    | Noticed nubinia's ghost (journeyman GrEE)
 21246 | Orc:1    | Reached skill level 10 in Fighting
 21249 | Orc:1    | Found a transporter.
 21300 | Orc:1    | Found Ticwank's Armour Shoppe.
 21303 | Orc:1    | Bought the +2 cloak "Lyleb" {rElec rPois rF+ Str-4} for 406
                  | gold pieces
 21419 | Orc:2    | Entered Level 2 of the Orcish Mines
 21486 | Orc:2    | Found Wuqoorat's Book Shop.
 21486 | Orc:2    | Found Bopob's Antique Weapon Shoppe.
 21486 | Orc:2    | Found Doleum's Assorted Antiques.
 21486 | Orc:2    | Found Ruach's Distillery.
 21803 | Orc:2    | Found Setude's Antique Weapon Shop.
 21810 | Orc:2    | Found a staircase to the Elven Halls.
 21993 | Orc:2    | Bought a potion of heal wounds for 85 gold pieces
 21993 | Orc:2    | Bought a potion of curing for 51 gold pieces
 21993 | Orc:2    | Bought a potion of curing for 51 gold pieces
 21993 | Orc:2    | Bought a potion of resistance for 170 gold pieces
 22060 | Orc:2    | Bought a potion of curing for 75 gold pieces
 22246 | Swamp:1  | Entered Level 1 of the Swamp
 22312 | Swamp:1  | You fall into a shaft and drop 1 floor!
 22399 | Snake:1  | Entered Level 1 of the Snake Pit
 22401 | Snake:1  | Identified the +3 robe "Beyru" {rCorr} (Okawaru gifted it
                  | to you on level 1 of the Snake Pit)
 22401 | Snake:1  | Received a gift from Okawaru
 22436 | Snake:1  | Noticed a nagaraja
 22438 | Snake:1  | Killed a nagaraja
 22443 | Snake:1  | Identified the +9 trident of the Enormous God {vamp, rPois
                  | MP+9}
 22610 | Snake:1  | Found Omim's Jewellery Emporium.
 22619 | Snake:1  | Bought a ring of poison resistance for 360 gold pieces
 23347 | Snake:2  | Found a glowing silver altar of Zin.
 23362 | Snake:2  | Noticed a nagaraja
 23368 | Snake:2  | Killed a nagaraja
 23545 | Snake:2  | Found a shadowy altar of Dithmenos.
 23601 | Snake:2  | Reached XP level 16. HP: 73/85 MP: 16/20
 23624 | Snake:2  | Received a gift from Okawaru
 23890 | Snake:2  | Noticed Saint Roka
 23914 | Snake:2  | Killed Saint Roka
 24607 | Snake:2  | Noticed Vashnia
 25125 | Snake:2  | Killed Vashnia
 25125 | Snake:2  | Received a gift from Okawaru
 25460 | Snake:2  | Found a shadowy altar of Dithmenos.
 25562 | Snake:2  | Found a glowing silver altar of Zin.
 26104 | Snake:3  | Identified the staff of poison "Ilownoun" {rPois rC+}
 26121 | Snake:3  | Received a gift from Okawaru
 26129 | Snake:3  | Identified the +2 leather armour of Terror {Stlth+}
 27051 | Snake:4  | Entered Level 4 of the Snake Pit
 27335 | Snake:4  | Reached XP level 17. HP: 91/91 MP: 21/21
 27458 | Snake:4  | Identified the +2 robe of Hedge Wizardry {rElec Str+3}
                  | (Okawaru gifted it to you on level 4 of the Snake Pit)
 27458 | Snake:4  | Received a gift from Okawaru
 29019 | Snake:4  | Identified the +0 robe of Sophism {Drain rF+++ rC- rN+++}
 29072 | Snake:4  | Got a serpentine rune of Zot
 29364 | Lair:3   | Identified the +0 war axe "Ottol" {protect, rF+ rN+}
 29365 | Lair:3   | Identified the ring "Jewuelig" {rC++ Will- Int+6 Dex+2
                  | Stlth+}
 29367 | Lair:3   | Identified the staff of cold "Zeir" {rC+ Str+3}
 29587 | Swamp:1  | Noticed Jorgrun
 29601 | Swamp:1  | Killed Jorgrun
 29601 | Swamp:1  | Identified the +1 shortbow "Ewabu" {flame, rPois rF+ rN+++
                  | Dex-2} (Okawaru gifted it to you on level 1 of the Swamp)
 29601 | Swamp:1  | Received a gift from Okawaru
 30573 | Swamp:2  | Reached skill level 10 in Invocations
 30979 | Swamp:3  | Killed by an exploding bloated husk

Illustrated notes

Levels and vault maps discovered:
D:1:      noname_arrival_rooms_in_the_neighbourhood, layout_basic
D:2:      layout_basic
D:3:      layout_basic, minmay_quantized
D:4:      layout_rooms, okawaru_ov_weapons_minmay, dreamdust_princess_corridor,
          minmay_circle_x
D:5:      cheibrodos_barr_body, layout_loops_ring, nicolae_ashenzari_panopticon,
          slow_altar_2, mainiacjoe_overflow_boulevard,
          mainiacjoe_overflow_paths, mainiacjoe_overflow_alcove_1,
          uniq_eustachio, uniq_edmund
D:6:      layout_layer_cave
D:7:      layout_rooms, minmay_temple_entry_glass, gup_ossuary_entry_pyramid,
          serial_glass, glass_columns_a, glass_columns_a, item_on_display_a,
          minmay_strange_pillars
D:8:      minmay_tri_box, layout_loops_ring, kennysheep_little_box,
          lemuel_zombie_altar_kikubaaqudgha, nzn_makhleb_speed_demon,
          serial_shops, kennysheep_mini, serial_bayou_lagoon_a
D:9:      layout_cave_pools, dpeg_oklobed_lair, special_room [special_room_orc],
          ebering_ghost_rock_garden, grunt_decor_mini_mirrors
D:10:     layout_grid_maze, gammafunk_ghost_icy, hangedman_weighted_door,
          abandoned_shop, serial_bayou_pond_d
D:11:     layout_irregular_city
D:12:     layout_small_grid, erik_orc_3
D:13:     layout_irregular_city, nicolae_wooded_promenade
D:14:     layout_loops_corners, grunt_vaults_entry_fortified,
          nicolae_uskayaw_murder_on_the_dancefloor
D:15:     grunt_enter_depths_magical_seal, layout_rooms, serial_undead,
          serial_undead_c, serial_undead_f, serial_undead_b, serial_undead_e,
          serial_undead_a
Lair:1:   layout_roguey
Lair:2:   layout_misc_corridors, minmay_swamp_entry_reptiles,
          beast_lair_carwin_9, grunt_megastairs_4, uniq_sonja
Lair:3:   layout_long_grid, minmay_snake_entry_six_corridors,
          minmay_lindwurm_lava
Lair:4:   layout_layer_cave, dpeg_slime_entry_enclosed,
          gammafunk_ghost_abyssal_escape, lemuel_fruit_fields
Lair:5:   minmay_lair_end_frog_pond, layout_hall_layers
Swamp:1:  layout_basic_swamp, serial_swamp_ruin, evilmike_swamp_ruin_house_4,
          evilmike_swamp_ruin_house_1, evilmike_swamp_ruin_house_5, uniq_jorgrun
Swamp:2:  layout_basic_swamp, portal_ice_cave_entry_ice_simulacra,
          evilmike_swamp_ruin_rubble_1, swamp_pool3
Swamp:3:  nicolae_swamp_husk_halls, layout_basic_swamp, nicolae_swamp_treefoil,
          swamp_pool3, hangedman_swamp_double_dragon
Snake:1:  layout_gridlike, serial_shops, nicolae_shop_gaudy_bauble,
          grunt_megastairs_2
Snake:2:  layout_chambers, basic_altar, lemuel_oklob_altar,
          serial_bayou_shore_b, uniq_saint_roka, uniq_vashnia
Snake:3:  layout_cave_shapes, nicolae_snake_salamander_zone, grunt_megastairs_1
Snake:4:  snake_pit_salamanders_mu, layout_onion_interference,
          hangedman_snake_pattern, grunt_ministairs_3
Orc:1:    layout_caves, serial_shops, nicolae_shop_real_fake_doors,
          gammafunk_ghost_stat_death
Orc:2:    st_orc_rangers, layout_caves, serial_shops, nicolae_shop_statue_plus,
          dreamdust_deal_with_the_devil

Skill      XL: |  1  2  3  4  5  6  7  8  9 10 11 12 13 14 15 16 17 |
---------------+----------------------------------------------------+-----
Ranged Weapons | 5 6 7 8 10 12 14 16 18 | 18.0
Stealth        | 2 5 10 15 20 | 20.0
Fighting       | 2 5 7 8 10 11 13 | 13.1
Dodging        | 9 10 15 19 20 | 20.0
Evocations     | 5 6 8 9 12 | 12.0
Invocations    | 3 4 5 10 | 10.0

Action                     |  1- 3 |  4- 6 |  7- 9 | 10-12 | 13-15 | 16-18 || total
---------------------------+-------+-------+-------+-------+-------+-------++-------
   Fire: Shortbow          |    98 |   151 |   579 |    85 |       |       ||   913
         Orcbow            |       |       |       |   200 |       |       ||   200
         Arbalest          |       |       |       |   380 |   788 |   467 ||  1635
         Hand crossbow     |       |       |       |       |   217 |   189 ||   406
  Evoke: Wand              |       |       |     2 |       |     1 |       ||     3
    Use: Scroll            |     2 |     2 |     7 |     5 |     8 |     1 ||    25
         Potion            |       |       |     4 |       |       |     3 ||     7
 Armour: Robe              |     7 |     3 |    16 |     6 |       |    17 ||    49
         Troll leather arm |       |       |       |    12 |    12 |       ||    24
  Dodge: Dodged            |    19 |    25 |   259 |   469 |   448 |   406 ||  1626

Table legend: (Time is in decaauts)
 A = Elapsed time spent in this place.
 B = Non-inter-level travel time spent in this place.
 C = Inter-level travel time spent in this place.
 D = Time resting spent in this place.
 E = Time spent auto-exploring this place.
 F = Levels seen in this place.
 G = Mean time per level.
                   A        B        C        D        E       F      G
               +--------+--------+--------+--------+--------+-----+--------+
         Total |  22379 |  20962 |   1417 |   3812 |  10716 |  30 |  746.0 |
       Dungeon |  10811 |  10104 |    707 |   1352 |   5380 |  15 |  720.7 |
          Lair |   4116 |   3803 |    313 |    471 |   2013 |   5 |  823.2 |
         Swamp |   1190 |   1136 |     54 |    397 |    422 |   3 |  396.7 |
     Snake Pit |   5110 |   4818 |    292 |   1449 |   2288 |   4 | 1277.5 |
  Orcish Mines |    721 |    672 |     49 |     42 |    425 |   2 |  360.5 |
       Ossuary |    429 |    429 |      0 |    100 |    186 |   1 |  429.0 |
               +--------+--------+--------+--------+--------+-----+--------+

Top non-repeatable levels by time:
 Snake:2: 1946 daAuts
     D:8: 1680 daAuts
 Snake:4: 1493 daAuts
    D:10: 1260 daAuts
     D:5: 1026 daAuts
    D:14: 941 daAuts
  Lair:2: 929 daAuts
     D:6: 910 daAuts
  Lair:3: 898 daAuts
  Lair:5: 869 daAuts
 Snake:1: 857 daAuts
 Snake:3: 813 daAuts
  Lair:1: 785 daAuts
 Swamp:2: 728 daAuts
    D:13: 713 daAuts
